3A
IDAHO FALLS CHUKARS @ ATHLETIC CLUB KC U-24
06/19/2041
 
TOP OF THE 1ST
Idaho Falls Chukars batting - Pitching for Athletic Club KC U-24 : LHP Reggie Reed
Pitching: LHP Reggie Reed
Batting: RHB Ron Russell 0-0: Called Strike
0-1: Ball
1-1: Ball
2-1: Foul Ball, location: 2F
2-2: Strikes out swinging
Batting: RHB Pleun Vleugel 0-0: Called Strike
0-1: Ball
1-1: Reached on error, E8 (Flyball, 8RXD, EV 79.4 MPH)
Batting: RHB Juan Neváres 0-0: Ball
1-0: Called Strike
1-1: Ball
2-1: Called Strike
2-2: Strikes out swinging
Batting: RHB Glenn Seals 0-0: 2-RUN HOME RUN (Flyball, 7D, EV 86.9 MPH), Distance : 382 ft
Batting: LHB Ricardo Águila 0-0: Called Strike
0-1: Swinging Strike
0-2: Ball
1-2: Strikes out swinging
Top of the 1st over - 2 runs, 1 hit, 1 error, 0 left on base; Idaho Falls 2 - Athletic Club KC 0
BOTTOM OF THE 1ST
Athletic Club KC U-24 batting - Pitching for Idaho Falls Chukars : RHP Andy Burns
Pitching: RHP Andy Burns
Batting: RHB James Allingham 0-0: Called Strike
0-1: Called Strike
0-2: DOUBLE (Line Drive, 78D, EV 98.1 MPH)
Batting: LHB Greg Flynn 0-0: 2-RUN HOME RUN (Flyball, 89XD, EV 114.4 MPH), Distance : 413 ft
Batting: SHB Francisco Rojas 0-0: Called Strike
0-1: Called Strike
0-2: Ball
1-2: Foul Ball, location: 2F
1-2: Ball
2-2: Strikes out looking
Batting: LHB Ron Whitney 0-0: Ball
1-0: Swinging Strike
1-1: Ball
2-1: Swinging Strike
2-2: Strikes out swinging
Batting: RHB Leon Burns 0-0: Ball
1-0: Ball
2-0: Ball
3-0: Called Strike
3-1: Fly out, F3 (Popup, 3S, EV 73.8 MPH)
Bottom of the 1st over - 2 runs, 2 hits, 0 errors, 0 left on base; Idaho Falls 2 - Athletic Club KC 2
TOP OF THE 2ND
Idaho Falls Chukars batting - Pitching for Athletic Club KC U-24 : LHP Reggie Reed
Batting: RHB Cor van Capelleveen 0-0: Ball
1-0: Ball
2-0: SINGLE (Groundball, 4MD, EV 102.5 MPH)
Batting: SHB Gavin Okel 0-0: Called Strike
0-1: Fly out, F8 (Flyball, 8LM, EV 90.0 MPH)
Batting: RHB Mario Muńóz 0-0: Called Strike
0-1: Ball
1-1: Ball
2-1: Foul Ball, location: 2F
2-2: Ball
3-2: Foul Ball, location: 2F
3-2: SINGLE (Line Drive, 89M, EV 106.2 MPH)
Cor van Capelleveen to second
Batting: RHB Alden Hall 0-0: Ball
1-0: Ball
2-0: Ball
3-0: Base on Balls
Cor van Capelleveen to third
Mario Muńóz to second
Batting: RHB Ron Russell 0-0: Foul Ball, location: 2F
0-1: Ball
1-1: Foul Ball, location: 2F
1-2: Strikes out swinging
Batting: RHB Pleun Vleugel 0-0: Ball
1-0: Foul Ball, location: 2F
1-1: Swinging Strike
1-2: Strikes out swinging
Top of the 2nd over - 0 runs, 2 hits, 0 errors, 3 left on base; Idaho Falls 2 - Athletic Club KC 2
BOTTOM OF THE 2ND
Athletic Club KC U-24 batting - Pitching for Idaho Falls Chukars : RHP Andy Burns
Batting: RHB Neal Lewis 0-0: Called Strike
0-1: Fly out, F2 (Popup, 23F, EV 83.1 MPH)
Batting: RHB Daniel Hannaford 0-0: Called Strike
0-1: Fly out, F8 (Line Drive, 8RM, EV 92.5 MPH)
Batting: LHB Carl Zimerman 0-0: Ground out U3 (Groundball, 3L, EV 88.1 MPH)
Bottom of the 2nd over - 0 runs, 0 hits, 0 errors, 0 left on base; Idaho Falls 2 - Athletic Club KC 2
TOP OF THE 3RD
Idaho Falls Chukars batting - Pitching for Athletic Club KC U-24 : LHP Reggie Reed
Batting: RHB Juan Neváres 0-0: Swinging Strike
0-1: Ball
1-1: Foul Ball, location: 2F
1-2: Ball
2-2: Ball
3-2: Base on Balls
Batting: RHB Glenn Seals 0-0: Ball
1-0: Ball
2-0: Ball
3-0: Called Strike
3-1: Called Strike
3-2: Foul Ball, location: 2F
3-2: DOUBLE (Line Drive, 9LM, EV 111.9 MPH)
Juan Neváres to third
Runner from 3rd tries for Home, SAFE, no throw by RF
Batting: LHB Ricardo Águila 0-0: Called Strike
0-1: Called Strike
0-2: Ground out 5-3 (Groundball, 56, EV 95.6 MPH)
Batting: RHB Cor van Capelleveen 0-0: Called Strike
0-1: Ball
1-1: Foul Ball, location: 2F
1-2: Strikes out swinging
Batting: SHB Gavin Okel 0-0: Called Strike
0-1: Foul Ball, location: 2F
0-2: Strikes out looking
Top of the 3rd over - 1 run, 1 hit, 0 errors, 1 left on base; Idaho Falls 3 - Athletic Club KC 2
BOTTOM OF THE 3RD
Athletic Club KC U-24 batting - Pitching for Idaho Falls Chukars : RHP Andy Burns
Batting: RHB Will White 0-0: Fly out, F6 (Popup, 6S, EV 71.9 MPH)
Batting: RHB James Allingham 0-0: Ball
1-0: Ground out 2-3 (Groundball, 15S, EV 63.8 MPH)
Batting: LHB Greg Flynn 0-0: Ball
1-0: Ground out U3 (Groundball, 3, EV 86.9 MPH)
Bottom of the 3rd over - 0 runs, 0 hits, 0 errors, 0 left on base; Idaho Falls 3 - Athletic Club KC 2
TOP OF THE 4TH
Idaho Falls Chukars batting - Pitching for Athletic Club KC U-24 : LHP Reggie Reed
Batting: RHB Mario Muńóz 0-0: Called Strike
0-1: Swinging Strike
0-2: Foul Ball, location: 2F
0-2: Ball
1-2: Ball
2-2: Strikes out swinging
Batting: RHB Alden Hall 0-0: Called Strike
0-1: Ground out 4-3 (Groundball, 4, EV 100.6 MPH)
Batting: RHB Ron Russell 0-0: DOUBLE (Line Drive, 9LS, EV 93.1 MPH) - OUT at third base trying to stretch hit.
Top of the 4th over - 0 runs, 1 hit, 0 errors, 0 left on base; Idaho Falls 3 - Athletic Club KC 2
BOTTOM OF THE 4TH
Athletic Club KC U-24 batting - Pitching for Idaho Falls Chukars : RHP Andy Burns
Batting: SHB Francisco Rojas 0-0: Foul Ball, location: 2F
0-1: Ball
1-1: Foul Ball, location: 2F
1-2: Strikes out swinging
Batting: LHB Ron Whitney 0-0: Called Strike
0-1: Ball
1-1: Ball
2-1: Ball
3-1: Base on Balls
Batting: RHB Leon Burns 0-0: Foul Ball, location: 2F
0-1: Ball
1-1: Ball
2-1: Foul Ball, location: 2F
2-2: SINGLE (Groundball, 56D, EV 106.9 MPH)
Ron Whitney to second
Batting: RHB Neal Lewis 0-0: Foul Ball, location: 2F
0-1: Ball
1-1: Fly out, F8 (Line Drive, 8RM, EV 108.8 MPH)
Batting: RHB Daniel Hannaford 0-0: Ball
1-0: Ball
2-0: Called Strike
2-1: DOUBLE (Line Drive, 5D, EV 100.0 MPH)
Ron Whitney scores
Leon Burns to third
Runner from 3rd tries for Home, SAFE, throw by LF to trailing runner, SAFE at third!
Batting: LHB Carl Zimerman 0-0: Fly out, F8 (Line Drive, 8RM, EV 110.0 MPH)
Bottom of the 4th over - 2 runs, 2 hits, 0 errors, 1 left on base; Idaho Falls 3 - Athletic Club KC 4
TOP OF THE 5TH
Idaho Falls Chukars batting - Pitching for Athletic Club KC U-24 : LHP Reggie Reed
Batting: RHB Pleun Vleugel 0-0: Foul Ball, location: 2F
0-1: Fly out, F3 (Popup, 34, EV 66.2 MPH)
Batting: RHB Juan Neváres 0-0: Ground out 6-3 (Groundball, 6S, EV 78.8 MPH)
Batting: RHB Glenn Seals 0-0: Ball
1-0: Foul Ball, location: 2F
1-1: Ball
2-1: Called Strike
2-2: Ground out 5-3 (Groundball, 56, EV 86.9 MPH)
Top of the 5th over - 0 runs, 0 hits, 0 errors, 0 left on base; Idaho Falls 3 - Athletic Club KC 4
BOTTOM OF THE 5TH
Athletic Club KC U-24 batting - Pitching for Idaho Falls Chukars : RHP Andy Burns
Batting: RHB Will White 0-0: Ball
1-0: Foul Ball, location: 2F
1-1: Called Strike
1-2: SINGLE (Flyball, 7LM, EV 91.9 MPH)
Batting: RHB James Allingham 0-0: Ball
1-0: Bunt missed!
1-1: Sac Bunt to 23 - play at first, batter OUT! 3-4
Will White to second
Batting: LHB Greg Flynn 0-0: Swinging Strike
0-1: Ball
1-1: Ball
2-1: Ground out 3-1 (Groundball, 34, EV 91.9 MPH)
Will White to third
Batting: SHB Francisco Rojas 0-0: Swinging Strike
0-1: Ball
1-1: Called Strike
1-2: Ball
2-2: Foul Ball, location: 2F
2-2: Fly out, F8 (Line Drive, 8RD, EV 103.1 MPH)
Bottom of the 5th over - 0 runs, 1 hit, 0 errors, 1 left on base; Idaho Falls 3 - Athletic Club KC 4
TOP OF THE 6TH
Idaho Falls Chukars batting - Pitching for Athletic Club KC U-24 : LHP Reggie Reed
Batting: LHB Ricardo Águila 0-0: SINGLE (Groundball, 6D, EV 105.0 MPH)
Batting: RHB Cor van Capelleveen 0-0: Ball
1-0: Ball
2-0: Swinging Strike
2-1: Foul Ball, location: 2F
2-2: Foul Ball, location: 2F
2-2: Strikes out swinging
Batting: SHB Gavin Okel 0-0: Called Strike
0-1: Ball
1-1: Ball
2-1: Called Strike
2-2: Ball
3-2: Foul Ball, location: 2F
3-2: Fielders Choice at 2nd, 6-4 (Groundball, 6, EV 81.2 MPH)
Pitching: RHP Rodney Johnson
Batting: RHB Mario Muńóz 0-0: Ball
Gavin Okel is caught stealing 2nd base 2-4
Top of the 6th over - 0 runs, 1 hit, 0 errors, 0 left on base; Idaho Falls 3 - Athletic Club KC 4
BOTTOM OF THE 6TH
Athletic Club KC U-24 batting - Pitching for Idaho Falls Chukars : RHP Andy Burns
Batting: LHB Ron Whitney 0-0: Called Strike
0-1: Foul Ball, location: 2F
0-2: SINGLE (Line Drive, 78S, EV 91.2 MPH)
Batting: RHB Leon Burns 0-0: Called Strike
0-1: Ball
1-1: Ball
2-1: Foul Ball, location: 2F
2-2: Fly out, F4 (Popup, 34, EV 76.2 MPH)
Batting: RHB Neal Lewis 0-0: Ball
1-0: Ball
2-0: SINGLE (Line Drive, 78S, EV 97.5 MPH)
Ron Whitney to second
Batting: RHB Daniel Hannaford 0-0: Ball
Ron Whitney is caught stealing 3rd base 2-5
1-0: Ground out 1-3 (Groundball, P, EV 84.4 MPH)
Bottom of the 6th over - 0 runs, 2 hits, 0 errors, 1 left on base; Idaho Falls 3 - Athletic Club KC 4
TOP OF THE 7TH
Idaho Falls Chukars batting - Pitching for Athletic Club KC U-24 : RHP Rodney Johnson
Batting: RHB Mario Muńóz 0-0: Ball
1-0: Swinging Strike
1-1: SINGLE (Line Drive, 8RM, EV 110.0 MPH)
Batting: RHB Alden Hall 0-0: Ball
1-0: Called Strike
1-1: DOUBLE (Line Drive, 89XD, EV 101.2 MPH)
Mario Muńóz to third
Batting: RHB Ron Russell 0-0: Ball
1-0: Foul Ball, location: 2F
1-1: Ball
2-1: Foul Ball, location: 2F
2-2: Strikes out swinging
Batting: RHB Pleun Vleugel 0-0: Ball
1-0: Foul Ball, location: 2F
1-1: Ball
2-1: Swinging Strike
2-2: Strikes out swinging
Batting: RHB Juan Neváres 0-0: SINGLE (Line Drive, 4D, EV 99.4 MPH)
Mario Muńóz scores
Alden Hall to third
Runner from 3rd tries for Home, SAFE, throw by CF to home
Batting: RHB Glenn Seals 0-0: Ball
1-0: Ball
2-0: Called Strike
2-1: 2-RUN HOME RUN (Flyball, 7D, EV 96.9 MPH), Distance : 376 ft
Pitching: RHP Joe Perkins
Batting: LHB Ricardo Águila 0-0: Ball
1-0: Foul Ball, location: 2F
1-1: Swinging Strike
1-2: Foul Ball, location: 2F
1-2: Foul Ball, location: 2F
1-2: Strikes out swinging
Top of the 7th over - 4 runs, 4 hits, 0 errors, 0 left on base; Idaho Falls 7 - Athletic Club KC 4
BOTTOM OF THE 7TH
Athletic Club KC U-24 batting - Pitching for Idaho Falls Chukars : RHP Andy Burns
Batting: LHB Carl Zimerman 0-0: Ball
1-0: Ground out U3 (Groundball, 3L, EV 105.0 MPH)
Batting: RHB Will White 0-0: Ground out 5-3 (Groundball, 56S, EV 84.4 MPH)
Batting: RHB James Allingham 0-0: Ball
1-0: Swinging Strike
1-1: Foul Ball, location: 2F
1-2: Strikes out swinging
Bottom of the 7th over - 0 runs, 0 hits, 0 errors, 0 left on base; Idaho Falls 7 - Athletic Club KC 4
TOP OF THE 8TH
Idaho Falls Chukars batting - Pitching for Athletic Club KC U-24 : RHP Joe Perkins
Pitching: RHP Yun-tae Yi
Batting: RHB Cor van Capelleveen 0-0: Ball
1-0: Called Strike
1-1: Called Strike
1-2: Strikes out swinging
Batting: SHB Gavin Okel 0-0: Ball
1-0: Called Strike
1-1: Ground out 4-3 (Groundball, 4, EV 109.4 MPH)
Batting: RHB Mario Muńóz 0-0: Ball
1-0: Called Strike
1-1: Swinging Strike
1-2: Strikes out swinging
Top of the 8th over - 0 runs, 0 hits, 0 errors, 0 left on base; Idaho Falls 7 - Athletic Club KC 4
BOTTOM OF THE 8TH
Athletic Club KC U-24 batting - Pitching for Idaho Falls Chukars : RHP Andy Burns
Batting: LHB Greg Flynn 0-0: Foul Ball, location: 2F
0-1: Ball
1-1: Fly out, F9 (Flyball, 9, EV 84.4 MPH)
Batting: SHB Francisco Rojas 0-0: SINGLE (Groundball, 6, EV 85.6 MPH) (infield hit)
Batting: LHB Ron Whitney 0-0: Ball
1-0: SINGLE (Line Drive, 89S, EV 99.4 MPH)
Francisco Rojas to second
Runner from 2nd tries for 3rd, SAFE, throw by RF made to third
Batting: RHB Leon Burns 0-0: Ball
1-0: Ball
2-0: Swinging Strike
2-1: Ball
3-1: Foul Ball, location: 2F
3-2: Strikes out swinging
Ron Whitney is caught stealing 2nd base 2-4
Batter strikes out.
Bottom of the 8th over - 0 runs, 2 hits, 0 errors, 1 left on base; Idaho Falls 7 - Athletic Club KC 4
TOP OF THE 9TH
Idaho Falls Chukars batting - Pitching for Athletic Club KC U-24 : RHP Yun-tae Yi
Batting: RHB Alden Hall 0-0: Called Strike
0-1: Ball
1-1: Foul Ball, location: 2F
1-2: Fly out, F9 (Line Drive, 9, EV 100.6 MPH)
Batting: RHB Ron Russell 0-0: Ball
1-0: Swinging Strike
1-1: Ball
2-1: Ball
3-1: Called Strike
3-2: Fly out, F7 (Flyball, 7D, EV 77.5 MPH)
Batting: RHB Pleun Vleugel 0-0: Called Strike
0-1: Foul Ball, location: 2F
0-2: Ball
1-2: Fly out, F7 (Flyball, 7LM, EV 103.8 MPH)
Top of the 9th over - 0 runs, 0 hits, 0 errors, 0 left on base; Idaho Falls 7 - Athletic Club KC 4
BOTTOM OF THE 9TH
Athletic Club KC U-24 batting - Pitching for Idaho Falls Chukars : RHP Andy Burns
Pitching: RHP Paul Thomas
Batting: RHB Neal Lewis 0-0: Fly out, F8 (Line Drive, 8LD, EV 91.2 MPH)
Batting: RHB Daniel Hannaford 0-0: Called Strike
0-1: Called Strike
0-2: Ball
1-2: Foul Ball, location: 2F
1-2: Strikes out swinging
Batting: LHB Carl Zimerman 0-0: Ground out 4-3 (Groundball, 4, EV 87.5 MPH)
Bottom of the 9th over - 0 runs, 0 hits, 0 errors, 0 left on base; Idaho Falls 7 - Athletic Club KC 4
Tuesday, January 5th, 2021 - OOTP Baseball 20.8 Build 74